 Dungeon Crawl Stone Soup version 0.31-a0-801-gc67433417a (webtiles) character file.

Game seed: 11830139786077427023

3730 ANON1729 the Fighter (level 9, -1/86 HPs)
             Began as a Minotaur Monk on Sept 20, 2023.
             Slain by a yak (16 damage)
             ... on level 8 of the Dungeon.
             The game lasted 00:04:23 (6038 turns).

ANON1729 the Fighter (Minotaur Monk)                Turns: 6038, Time: 00:04:24

Health: -1/86      AC:  5    Str: 16    XL:     9   Next: 92%
Magic:  8/8        EV: 22    Int:  7    God:
Gold:   283        SH:  0    Dex: 29    Spells: 8/8 levels left

rFire   . . .        I - +4 scimitar
rCold   . . .        d - orb {light}
rNeg    . . .        B - +0 robe of Qunoxiv {Drain Dex+6}
rPois   .            (helmet restricted)
rElec   .            C - +1 cloak
rCorr   .            J - +0 pair of gloves
SInv    .            (no boots)
Will    +....        p - amulet of the acrobat
Stlth   +            k - +6 ring of dexterity
HPRegen 0.34/turn    z - ring of willpower
MPRegen 0.11/turn

%: acrobat
@: glowing
A: horns 2, retaliatory headbutt
a: no special abilities


You were on level 8 of the Dungeon.
You visited 1 branch of the dungeon, and saw 8 of its levels.

You collected 397 gold pieces.
You spent 114 gold pieces at shops.

Inventory:

Hand Weapons
 a - a +0 falchion
 I - a +4 scimitar (weapon)
Armour
 d - an orb of light (worn)
 B - the +0 robe of Qunoxiv (worn) {Drain Dex+6}
   (You found it on level 4 of the Dungeon)

   Dex+6:     It affects your dexterity (+6).
   Drain:     It drains your maximum health when unequipped.
 C - a +1 cloak (worn)
 J - a +0 pair of gloves (worn)
Jewellery
 j - a ring of see invisible
 k - a +6 ring of dexterity (left hand)
 p - an amulet of the acrobat (around neck)
 z - a ring of willpower (right hand)
 H - a ring of protection from fire
Wands
 n - a wand of mindburst (12)
 r - a wand of flame (39)
 t - a wand of polymorph (1)
Scrolls
 h - a scroll of enchant armour
 i - 2 scrolls of brand weapon
 u - 2 scrolls of fog
 y - a scroll of immolation {unknown}
 A - a scroll of fear
 D - a scroll of summoning
 E - a scroll of poison {unknown}
 F - a scroll of identify
Potions
 e - a potion of haste
 f - a potion of magic {unknown}
 g - 2 potions of curing {unknown}
 m - 2 potions of might {unknown}
 o - a potion of cancellation {unknown}
 s - 3 potions of mutation {unknown}
 v - a potion of berserk rage {unknown}
 x - a potion of brilliance {unknown}
 G - 3 potions of heal wounds {unknown}


   Skills:
 + Level 10.6 Fighting
 + Level 10.5 Long Blades
 + Level 9.6 Dodging


You had 8 spell levels left.
You didn't know any spells.
Your spell library contained the following spells:

 Spells                   Type           Power      Damage    Failure   Level
 Kiss of Death            Conj/Necr      0%         2d5       43%         1
 Cigotuvi's Dreadful Rot  Necr/Pois/Air  0%         N/A       56%         2
 Confusing Touch          Hex            0%         N/A       80%         3
 Hailstorm                Conj/Ice       0%         3d3       80%         3
 Inner Flame              Hex/Fire       0%         N/A       80%         3
 Dispel Undead            Necr           0%         3d6       99%         4
 Summon Ice Beast         Ice/Summ       0%         N/A       99%         4
 Yara's Violent Unravell  Hex/Tmut       0%         3d3       100%        5
 Death Channel            Necr           0%         N/A       100%        6
 Simulacrum               Ice/Necr       0%         N/A       100%        6
 Enfeeble                 Hex            0%         N/A       100%        7


Dungeon Overview and Level Annotations

Branches:
Dungeon (8/15)             Temple (0/1) D:7
   Lair: D:8-11

Altars:
Elyvilon
Fedhas
Qazlal
Sif Muna
Trog
Wu Jian
Xom
The Shining One

Shops:
D:5 :(*(


Innate Abilities, Weirdness & Mutations

You have a pair of horns on your head.
You reflexively headbutt those who attack you in melee.


Message History

You are too injured to fight recklessly!
You are too injured to fight recklessly!
You are too injured to fight recklessly!
You are too injured to fight recklessly!
You are too injured to fight recklessly!
You are too injured to fight recklessly!
You are too injured to fight recklessly!
You hit the yak. You headbutt the yak.
The yak is severely wounded.
You barely miss the yak. You headbutt the yak.
The yak is almost dead.
The yak misses you. You furiously retaliate!
You headbutt the yak!
You kill the yak!
The yak snorts and paws the ground.
You barely miss the yak. The yak misses you.
You slash the yak! Your headbutt misses the yak.
The yak is moderately wounded.
The yak gores you!
You hit the yak. You headbutt the yak, but do no damage.
The yak is moderately wounded.
The yak misses you.
You slash the yak!
The yak is severely wounded.
The yak completely misses you.
You hit the yak. You headbutt the yak.
The yak is severely wounded.
The yak closely misses you. You furiously retaliate!
You headbutt the yak! You slice the yak!!
You kill the yak!
You hit the yak.
The yak is lightly wounded.
The yak completely misses you. You furiously retaliate!
You headbutt the yak! You hit the yak.
The yak is heavily wounded.
The yak gores you!
* * * LOW HITPOINT WARNING * * *
You hit the yak.
The yak is severely wounded.
The yak gores you!
You die...

#########
.....[..
#.......#..
###....
#.≈._.≈.#..
#....
#.≈.YY≈.#>#
#...#
#.≈≈≈≈≈. .#
.......
#..)... .#
........
#'''# .#
#####.##
####...###.#
#.
#......Y@..#
#.
#.########.#
##.## #.#
... .....
#.# #.>..
...## #.#
.#### #.# !#
#.# # #.#
#.#


You could see a yak.

Vanquished Creatures
  A hornet (D:7)
  3 yaks (D:8)
  A vampire mosquito (D:8)
  A steam dragon (D:8)
  A sky beast (D:7)
  3 ice beasts
  A black bear (D:4)
  2 ogres
  3 phantoms
  2 bullfrogs
  3 scorpions
  6 wights
  2 howler monkeys (D:8)
  4 crimson imps (D:6)
  7 hounds
  A quasit (D:6)
  6 orc priests
  Crazy Yiuf (D:4)
  2 gnoll boudas
  Jessica (D:3)
  3 iguanas
  A sleepcap (D:4)
  6 orc wizards
  Natasha (thrice) (D:3)
  10 gnolls
  9 adders
  4 white imps
  A worm (D:3)
  2 dart slugs
  20 orcs
  6 bats
  4 endoplasms
  3 giant cockroaches
  5 hobgoblins
  2 jackals (D:3)
  7 quokkas
  5 ball pythons
  3 goblins
  2 goblin skeletons (D:6)
  A goblin zombie (D:6)
  2 hobgoblin zombies (D:6)
  7 kobolds
  2 kobold skeletons (D:6)
  A kobold zombie (D:6)
  An orc zombie (D:6)
  6 rats
167 creatures vanquished.

Notes
Turn   | Place    | Note
-------+----------+-------------------------------------------
     0 | D:1      | ANON1729 the Minotaur Monk began the quest for the Orb.
     0 | D:1      | Reached XP level 1. HP: 19/19 MP: 0/0
   171 | D:1      | Reached XP level 2. HP: 24/27 MP: 1/1
   448 | D:1      | Reached XP level 3. HP: 33/33 MP: 2/2
  1113 | D:2      | Reached XP level 4. HP: 37/41 MP: 3/3
  1360 | D:3      | Noticed Natasha
  1364 | D:3      | Killed Natasha
  1406 | D:3      | Noticed Natasha
  1417 | D:3      | Killed Natasha
  1511 | D:3      | Reached skill level 5 in Fighting
  1606 | D:3      | Found an ornate altar of the Wu Jian Council.
  1666 | D:3      | Reached XP level 5. HP: 45/48 MP: 4/4
  1668 | D:3      | Reached skill level 5 in Long Blades
  1791 | D:3      | Noticed Jessica
  1800 | D:3      | Found a shimmering blue altar of Sif Muna.
  1808 | D:3      | Killed Jessica
  2176 | D:3      | Noticed Natasha
  2182 | D:3      | Killed Natasha
  2183 | D:3      | Reached skill level 5 in Dodging
  2183 | D:3      | Reached XP level 6. HP: 42/56 MP: 5/5
  2280 | D:4      | Found a runed translucent door.
  2281 | D:4      | Noticed Crazy Yiuf
  2616 | D:4      | Identified the +0 robe of Qunoxiv {Drain Dex+6}
  2653 | D:4      | Reached XP level 7. HP: 64/64 MP: 6/6
  2757 | D:4      | Found a stormy altar of Qazlal.
  3459 | D:4      | Killed Crazy Yiuf
  3539 | D:5      | Entered Level 5 of the Dungeon
  3707 | D:5      | Found Ynulyxt's Book Shop.
  3788 | D:5      | Reached XP level 8. HP: 69/73 MP: 7/7
  3792 | D:5      | Found Huinaen's General Store.
  3831 | D:5      | Bought a scroll of summoning for 114 gold pieces
  3840 | D:5      | Found Keet's Antique Weapon Shoppe.
  3958 | D:5      | Found Avah's Weapon Shoppe.
  4299 | D:6      | Found a shimmering altar of Xom.
  4400 | D:6      | Found a glowing golden altar of the Shining One.
  4619 | D:6      | Found a blossoming altar of Fedhas.
  4885 | D:7      | Noticed a hornet
  4891 | D:7      | Killed a hornet
  4892 | D:7      | Reached XP level 9. HP: 64/83 MP: 8/8
  5071 | D:7      | Found a bloodstained altar of Trog.
  5344 | D:7      | Found a staircase to the Ecumenical Temple.
  5875 | D:8      | Reached skill level 10 in Fighting
  5902 | D:8      | Noticed a skeletal warrior
  5907 | D:8      | Reached skill level 10 in Long Blades
  5911 | D:8      | Noticed a centaur warrior
  6017 | D:8      | Found a white marble altar of Elyvilon.
  6038 | D:8      | Slain by a yak

Illustrated notes

Levels and vault maps discovered:
D:1:      psy_arrival_conway, layout_loops_ring
D:2:      minmay_alternating_diamond, layout_basic
D:3:      layout_loops_corners, mainiacjoe_overflow_catwalk, tgw_sif,
          uniq_natasha
D:4:      layout_gridville, grunt_qazlal_clouds, minivault_19,
          uniq_crazy_yiuf_cottage
D:5:      layout_rooms, serial_shops, shop, shop, shop, shop
D:6:      nicolae_BIG_FREAKIN_CUBE, layout_rooms, led_xom_imps,
          nicolae_tso_besieged_by_evil, mainiacjoe_overflow_boulevard
D:7:      layout_cave_pods, mainiacjoe_overflow_six_doors_small,
          minmay_temple_entry_enclosed_plants,
          nicolae_concentric_dashed_squares_mild, hangedman_decor_diamond_cutter
D:8:      layout_loops_ring, mainiacjoe_overflow_alcove_4, lemuel_round_altar,
          chequers_garden, minivault_11, minmay_holes, nicolae_doodle_vault

Skill      XL: |  1  2  3  4  5  6  7  8  9 |
---------------+----------------------------+-----
Fighting       | 4 5 6 7 9 10 | 10.6
Long Blades    | 4 5 6 7 9 10 | 10.5
Dodging        | 4 5 6 8 9 |  9.6

Action                     |  1- 3 |  4- 6 |  7- 9 || total
---------------------------+-------+-------+-------++-------
  Melee: Falchion          |    73 |    71 |   230 ||   374
         Headbutt          |    12 |    19 |    74 ||   105
         Scimitar          |       |       |    39 ||    39
    Use: Scroll            |       |       |     8 ||     8
         Potion            |       |       |     2 ||     2
 Armour: Robe              |    31 |    28 |    73 ||   132
         Skin              |       |    10 |       ||    10
  Dodge: Dodged            |    59 |    43 |   201 ||   303

Table legend: (Time is in decaauts)
 A = Elapsed time spent in this place.
 B = Non-inter-level travel time spent in this place.
 C = Inter-level travel time spent in this place.
 D = Time resting spent in this place.
 E = Time spent auto-exploring this place.
 F = Levels seen in this place.
 G = Mean time per level.
                   A        B        C        D        E       F      G
               +--------+--------+--------+--------+--------+-----+--------+
         Total |   6002 |   5686 |    316 |      0 |   4700 |   8 |  750.2 |
       Dungeon |   6002 |   5686 |    316 |      0 |   4700 |   8 |  750.2 |
               +--------+--------+--------+--------+--------+-----+--------+

Top non-repeatable levels by time:
     D:4: 1291 daAuts
     D:3: 1040 daAuts
     D:7: 978 daAuts
     D:1: 730 daAuts
     D:6: 716 daAuts
     D:5: 562 daAuts
     D:2: 487 daAuts
     D:8: 194 daAuts
